AoeStats
← Formagella

MegaRandom

506685289Analyzed
2v2 RM · 18d ago on Sep 14, 2026· 55m 42s· 4 players
Game mode
Random Map
Map size
Medium (4 player)
Population
200
Speed
Normal
Resources
Standard
Victory
Conquest
Starting age
Dark Age
Ending age
Imperial Age
RankedLock teamsTeams togetherTeam positionsShared explorationLock speedFull tech treeHidden civsTurbo modeCheats
Victory
Defeat
🇨🇭 Goths · Switzerland
958
+16
🇨🇭 Britons · Switzerland
847
+20
🇧🇷 Shu · Brazil
982
-19
🇧🇷 Poles · Brazil
927
-17
Perocat
11:56 Feudal Age
12:27 Fishing Lines
13:30 Wheelbarrow
13:49 Double-Bit Axe
17:49 Castle Age
16:11 Horse Collar
17:20 Loom
19:02 Bow Saw
19:09 Hand Cart
22:50 Stone Mining
22:43 Crossbowman
23:40 Fletching
23:50 Padded Archer Armor
27:00 Leather Archer Armor
26:40 Bodkin Arrow
27:12 Elite Skirmisher
30:31 Ballistics
30:47 Bodkin Arrow
36:03 Yeomen
36:40 Treadmill Crane
39:44 Imperial Age
40:44 Murder Holes
41:18 Gold Mining
43:37 Conscription
44:31 Gold Shaft Mining
43:32 Pikeman
44:13 Squires
43:59 Arson
44:18 Scale Mail Armor
44:28 Forging
44:40 Elite Longbowman
46:50 Two-Man Saw
46:07 Siege Engineers
47:04 Chemistry
47:52 Bracer
48:22 Ring Archer Armor
48:29 Iron Casting
48:09 Chain Mail Armor
48:26 Warwolf
48:48 Halberdier
52:56 Blast Furnace
52:27 Plate Mail Armor
54:08 Plate Mail Armor
Formagella
4:50 Loom
12:25 Feudal Age
13:04 Double-Bit Axe
15:42 Fletching
20:54 Castle Age
18:51 Horse Collar
21:16 Wheelbarrow
20:36 Gold Mining
20:45 Stone Mining
21:03 Scale Mail Armor
21:53 Medium Warships
25:28 Town Watch
26:33 Padded Archer Armor
26:21 Elite Skirmisher
32:00 Leather Archer Armor
32:53 Bodkin Arrow
33:59 Hand Cart
34:49 Man-at-Arms
34:56 Pikeman
36:23 Forging
37:27 Bow Saw
37:19 Heavy Plow
37:58 Stone Shaft Mining
37:51 Ballistics
41:14 Imperial Age
39:40 Chain Mail Armor
40:00 Iron Casting
39:42 Masonry
41:46 Halberdier
45:40 Conscription
47:53 Two-Man Saw
47:37 Crop Rotation
48:59 Perfusion
49:21 Anarchy
48:43 Elite Huskarl
50:39 Bracer
51:39 Blast Furnace
51:14 Architecture
51:01 Squires
52:41 Chemistry
54:26 Murder Holes
Rog3rX
8:59 Loom
11:10 Feudal Age
11:55 Horse Collar
12:03 Double-Bit Axe
15:18 Wheelbarrow
17:59 Castle Age
16:55 Stone Mining
17:31 Forging
18:51 Heavy Plow
19:17 Fletching
23:37 Bow Saw
25:42 Szlachta Privileges
27:21 Bloodlines
27:12 Husbandry
35:26 Hand Cart
34:57 Town Watch
38:31 Iron Casting
38:02 Scale Barding Armor
44:05 Gold Mining
44:53 Stone Shaft Mining
49:21 Imperial Age
47:48 Town Patrol
52:21 Bodkin Arrow
nathand
6:58 Loom
8:28 Loom
10:46 Feudal Age
11:30 Double-Bit Axe
17:08 Castle Age
17:41 Horse Collar
18:14 Fletching
18:25 Padded Archer Armor
24:52 Scale Barding Armor
28:18 Wheelbarrow
27:29 Town Watch
28:17 Ballistics
32:19 Imperial Age
31:14 Heavy Plow
34:04 Chemistry
34:00 Hand Cart
35:37 Leather Archer Armor
35:18 Bodkin Arrow
38:34 Bracer
38:47 Forging
38:58 Chain Barding Armor
38:03 Heavy Hei Guang Cavalry
38:43 Husbandry
47:57 Town Patrol
47:59 Scale Mail Armor
51:27 Chain Mail Armor
Connection lost

Rejoining the realm…

Still unreachable

The connection could not be restored.

Session expired

The server has moved on; the page needs a fresh start.